 Dungeon Crawl Stone Soup version 0.30-a0-219-gf2db51d15e (webtiles) character file.

Game seed: 6429708166107479290

361 gzilladon the Chopper (level 6, 0/63 HPs)
             Began as an Ogre Gladiator on Oct 7, 2022.
             Slain by a gnoll
             ... wielding a +0 whip
             ... led by a gnoll sergeant
              (4 damage)
             ... on level 4 of the Dungeon.
             The game lasted 00:12:52 (3516 turns).

gzilladon the Chopper (Ogre Gladiator)              Turns: 3516, Time: 00:12:54

Health: 0/63       AC:  8    Str: 21    XL:     6   Next: 66%
Magic:  6/6        EV: 10    Int:  9    God:
Gold:   247        SH:  0    Dex: 10    Spells: 5/5 levels left

rFire   . . .      SeeInvis .    a - +0 war axe
rCold   . . .      Faith    .    (no shield)
rNeg    . . .      Spirit   .    b - +0 robe
rPois   .          Reflect  .    c - +0 hat
rElec   .          Harm     .    k - +0 cloak
rCorr   .          Rampage  .    (gloves unavailable)
Will    .....                    (boots unavailable)
Stlth   +.........               (no amulet)
HPRegen 0.30/turn                n - +4 ring of protection
MPRegen 0.10/turn                (no ring)

@: no status effects
A: large, unfitting armour, tough skin 1
a: no special abilities


You were on level 4 of the Dungeon.
You visited 1 branch of the dungeon, and saw 4 of its levels.

You collected 247 gold pieces.

Inventory:

Hand Weapons
 a - a +0 war axe (weapon)
 i - a +3 sling
 v - a +0 club
Missiles
 d - 3 throwing nets (quivered)
 e - a large rock
 f - 52 stones
Armour
 b - a +0 robe (worn)
 c - a +0 hat (worn)
 k - a +0 cloak (worn)
Jewellery
 h - a +4 ring of evasion
 n - a +4 ring of protection (left hand)
 o - a +4 ring of evasion
Wands
 s - a wand of flame (9)
Scrolls
 l - 2 scrolls of teleportation {unknown}
 m - a scroll of vulnerability {unknown}
 q - a scroll of noise {unknown}
 t - a scroll of blinking {unknown}
 u - a scroll of fog {unknown}
 w - a scroll of magic mapping {unknown}
 x - a scroll of identify {unknown}
Potions
 g - a potion of haste {unknown}
 j - 2 potions of mutation {unknown}
 p - a potion of magic {unknown}
 r - a potion of invisibility {unknown}
 z - 2 potions of attraction {unknown}
 A - a potion of degeneration {unknown}


   Skills:
 + Level 4.6 Fighting
 + Level 5.7 Axes
 + Level 2.1 Throwing
 + Level 3.7 Dodging
 + Level 0.6 Stealth


You had 5 spell levels left.
You didn't know any spells.
Your spell library contained the following spells:

 Spells                   Type           Power      Damage    Failure   Level
 Sublimation of Blood     Necr           0%         N/A       52%         2
 Petrify                  Tmut/Erth      0%         N/A       99%         4
 Irradiate                Conj/Tmut      0%         3d11      100%        5


Dungeon Overview and Level Annotations

Branches:
Dungeon (4/15)
 Temple: D:4-7

Altars:
Cheibriados
Gozag
Uskayaw

Annotations:
D:4 2 transporters, jimonade's ghost, amateur KoBr


Innate Abilities, Weirdness & Mutations

You are too large for most types of armour.
You have tough skin. (AC +1)


Message History

The gnoll shouts!
You hear a shout!
The gnoll barely misses you.
You barely miss the gnoll. The gnoll closely misses you.
You closely miss the gnoll. The gnoll misses you.
You closely miss the gnoll. You hit the gnoll but do no damage.
The gnoll closely misses you. The gnoll barely misses you.
The gnoll hits you with a +0 whip. The gnoll hits you with a +0 flail.
The gnoll sergeant hits you from afar with a +0 trident of freezing.
The gnoll sergeant freezes you.
You slash the gnoll!
The gnoll is almost dead.
You slash the gnoll!
The gnoll sergeant hits you from afar with a +0 trident of freezing.
The gnoll sergeant freezes you. The gnoll hits you with a +0 whip!
The gnoll hits you with a +0 flail.
You slash the gnoll!
You kill the gnoll!
You hit the gnoll.
You kill the gnoll!
The gnoll sergeant hits you from afar with a +0 trident of freezing!
The gnoll sergeant freezes you.
The gnoll sergeant hits you with a +0 trident of freezing.
* * * LOW HITPOINT WARNING * * *
The gnoll sergeant freezes you.
* * * LOW HITPOINT WARNING * * *
You hit the gnoll sergeant but do no damage.
You punch the gnoll sergeant, but do no damage.
The gnoll sergeant hits you with a +0 trident of freezing.
* * * LOW HITPOINT WARNING * * *
The gnoll sergeant freezes you.
* * * LOW HITPOINT WARNING * * *
You hit the gnoll sergeant but do no damage.
The gnoll sergeant barely misses you.
You completely miss the gnoll sergeant. You hit the gnoll but do no damage.
The gnoll sergeant hits you with a +0 trident of freezing.
* * * LOW HITPOINT WARNING * * *
The gnoll sergeant freezes you.
* * * LOW HITPOINT WARNING * * *
The gnoll hits you with a +0 whip.
You die...

##....# #.###.......##♣.#####
.##...# #..#........# #..##
.###...# ##.....<...## #.♣.#
.###....# #......#...# #♣P.#
..#...#g.###.....##..## ##.♣.♣#
..........#......#...####P....♣
#...........###.......#P♣P♣..♣♣##
......#...># #.....###.♣P..P♣..#
........g.. ##g@...#...P...♣♣..#
#..........###.g###.#♣.♣....♣♣..#
..........)....#####.P........P#
...........).....# #.........♣.#
.........###.....# #.♣......♣♣.#
........ ##..### ♣.P........♣♣
..... #### ♣♣...........♣ ....
#......†....♣♣ #.## ######♣
###.....§§†..PP


You could see a gnoll sergeant and a gnoll.

Vanquished Creatures
  A kobold brigand (D:4)
  A necrophage (D:4)
  A hound (D:4)
  A gnoll bouda (D:4)
  An orc wizard (D:4)
  5 gnolls (D:4)
  3 adders
  2 dart slugs
  5 orcs
  2 endoplasms
  A giant cockroach (D:1)
  4 goblins
  4 hobgoblins
  4 jackals (D:1)
  26 kobolds
  5 quokkas
  2 ball pythons (D:4)
  4 bats
  2 frilled lizards (D:3)
  A rat (D:3)
75 creatures vanquished.

Vanquished Creatures (others)
  36 plants (D:4)
36 creatures vanquished.

Grand Total: 111 creatures vanquished

Notes
Turn   | Place    | Note
-------+----------+-------------------------------------------
     0 | D:1      | gzilladon the Ogre Gladiator began the quest for the Orb.
     0 | D:1      | Reached XP level 1. HP: 22/22 MP: 1/1
   238 | D:1      | Reached XP level 2. HP: 29/29 MP: 2/2
  1025 | D:3      | Found a faded altar of an unknown god.
  1074 | D:3      | Reached XP level 3. HP: 34/37 MP: 3/3
  1254 | D:3      | Found a snail-covered altar of Cheibriados.
  1357 | D:3      | Found a hide-covered altar of Uskayaw.
  1377 | D:3      | Found an opulent altar of Gozag.
  1992 | D:4      | Noticed a sky beast
  1992 | D:4      | Noticed a gnoll sergeant
  2032 | D:4      | Noticed a necrophage
  2178 | D:4      | Reached skill level 4 in Axes
  2178 | D:4      | Reached XP level 4. HP: 20/46 MP: 4/4
  2333 | D:4      | Reached XP level 5. HP: 29/54 MP: 5/5
  2646 | D:4      | Reached skill level 5 in Axes
  2646 | D:4      | Reached XP level 6. HP: 60/63 MP: 6/6
  2747 | D:4      | Noticed jimonade's ghost (amateur KoBr)
  2759 | D:4      | Found a transporter.
  2780 | D:4      | Found a transporter.
  3516 | D:4      | Slain by a gnoll

Illustrated notes

Levels and vault maps discovered:
D:1:      evilmike_arrival_crescent, layout_basic
D:2:      layout_loops_ring
D:3:      layout_loops_corners, jmf_multi_god_temple, cheibrodos_worm_habitat,
          shapermc_ecumenical_altar_totnotflames
D:4:      kennysheep_kobold_camp, layout_layer_cave, gammafunk_ghost_stat_death,
          grunt_ministairs_11, solitary_fountain

Skill      XL: |  1  2  3  4  5 |
---------------+----------------+-----
Dodging        | 3 |  3.7
Fighting       | 3 4 |  4.6
Axes           | 4 5 |  5.7
Throwing       | |  2.1
Stealth        | |  0.6

Action                   |  1- 3 |  4- 6 || total
-------------------------+-------+-------++-------
Melee: War axe           |   120 |   120 ||   240
       Punch             |     3 |     1 ||     4
 Stab: Sleeping          |     1 |       ||     1
Armor: Robe              |    78 |    57 ||   135
Dodge: Dodged            |    73 |    70 ||   143

Table legend: (Time is in decaauts)
 A = Elapsed time spent in this place.
 B = Non-inter-level travel time spent in this place.
 C = Inter-level travel time spent in this place.
 D = Time resting spent in this place.
 E = Time spent auto-exploring this place.
 F = Levels seen in this place.
 G = Mean time per level.
                   A        B        C        D        E       F      G
               +--------+--------+--------+--------+--------+-----+--------+
         Total |   3587 |   2743 |    844 |    279 |      0 |   4 |  896.8 |
       Dungeon |   3587 |   2743 |    844 |    279 |      0 |   4 |  896.8 |
               +--------+--------+--------+--------+--------+-----+--------+

Top non-repeatable levels by time:
     D:4: 1491 daAuts
     D:3: 1124 daAuts
     D:1: 932 daAuts
     D:2: 38 daAuts
